[ AOE2 MATCH · #480366153 ]
Team EWTurks vs Huns
[ REPLAY ANALYSIS · EXTRACTED FROM THE RECORDED GAME ]
Feudal
—
Castle
15:27
Imperial
—
| APM avg | 30.0 |
| APM peak | 66 |
| eAPM avg | 15.1 |
| Villagers / military | 33 / 14 |
Focus
⚔️ 29.8% · 🌾 70.2%
Militia ×14
Feudal
—
Castle
14:24
Imperial
—
| APM avg | 11.9 |
| APM peak | 25 |
| eAPM avg | 8.3 |
| Villagers / military | 55 / 46 |
Focus
⚔️ 36.6% · 🌾 63.4%
Tarkan ×37 · Scout Cavalry ×9
Feudal
—
Castle
9:51
Imperial
22:03
| APM avg | 21.4 |
| APM peak | 51 |
| eAPM avg | 13.6 |
| Villagers / military | 79 / 69 |
Focus
⚔️ 34.8% · 🌾 65.2%
Archer ×30 · Berserk ×14 · Mangonel ×12 · Trebuchet (Packed) ×6 · Spearman ×3 · Knight ×3
Feudal
—
Castle
7:47
Imperial
22:05
| APM avg | 18.9 |
| APM peak | 39 |
| eAPM avg | 11.1 |
| Villagers / military | 68 / 64 |
Focus
⚔️ 25.7% · 🌾 74.3%
Hussite Wagon ×34 · Spearman ×24 · Bombard Cannon ×6
Feudal
—
Castle
22:17
Imperial
—
| APM avg | 20.2 |
| APM peak | 52 |
| eAPM avg | 14.6 |
| Villagers / military | 58 / 84 |
Focus
⚔️ 41.5% · 🌾 58.5%
Militia ×46 · Archer ×19 · Spearman ×6 · Fire Lancer ×6 · Chu Ko Nu ×4 · Skirmisher ×3
Feudal
—
Castle
10:13
Imperial
—
| APM avg | 16.3 |
| APM peak | 39 |
| eAPM avg | 12.0 |
| Villagers / military | 89 / 93 |
Focus
⚔️ 28.7% · 🌾 71.3%
Spearman ×60 · Skirmisher ×17 · Trade Cart ×10 · Battering Ram ×8 · Jaguar Warrior ×7 · Monk ×1
Match map
Initial resources + every placement click. Lines = walls · curves = elevation contours. ◆ gold · ⬟ stone · ● berries · ✦ relic · ◌ wall gap
Your base· Open — 3t gap
iDaniielo :v's base· ✓ Closed at 14:24 · 62t walls · 1 gate(s)
K1000T's base· ✓ Closed at 9:51 · 15t walls · 2 gate(s)
andy uchiha's base· Open — 6t gap
[CUBA] Patron's base· Open — 1t gap
miguelg2305's base· Open — 6t gap
Smoothed initial terrain · ◌ = detected wall gap · hover for details
Inputs per minute
— Frostfel - - iDaniielo :v
Build order — Frostfel
104 actions detected in the replay
| 0:03 | Create | Villager (Male) |
| 0:04 | Create | Villager (Male) |
| 0:04 | Create | Villager (Male) |
| 0:04 | Create | Villager (Male) |
| 0:04 | Create | Villager (Male) |
| 1:34 | Create | Villager (Male) |
| 1:34 | Create | Villager (Male) |
| 1:34 | Create | Villager (Male) |
| 1:35 | Create | Villager (Male) |
| 1:55 | Create | Villager (Male) |
| 1:56 | Create | Villager (Male) |
| 2:18 | Research | Double-Bit Axe |
| 2:18 | Research | Double-Bit Axe |
| 2:25 | Research | Horse Collar |
| 2:25 | Research | Horse Collar |
| 3:26 | Build | Barracks |
| 4:18 | Build | House |
| 4:19 | Build | House |
| 4:22 | Build | House |
| 4:27 | Create | Villager (Male) |
| 4:28 | Create | Villager (Male) |
| 4:28 | Create | Villager (Male) |
| 4:36 | Build | House |
| 4:46 | Build | House |
| 4:48 | Build | House |
| 4:51 | Build | House |
| 4:59 | Build | House |
| 5:00 | Build | House |
| 5:04 | Research | Man-at-Arms (upgrade) |
| 5:05 | Create | Militia |
| 5:05 | Create | Militia |
| 5:57 | Build | Watch Tower |
| 6:10 | Build | Mining Camp |
| 6:31 | Build | Farm |
| 6:34 | Build | Farm |
| 6:42 | Build | Farm |
| 6:44 | Build | Farm |
| 7:37 | Research | Man-at-Arms (upgrade) |
| 7:38 | Create | Militia |
| 7:38 | Create | Militia |
| 7:38 | Create | Militia |
| 7:38 | Create | Militia |
| 7:40 | Create | Militia |
| 7:40 | Create | Militia |
| 8:12 | Build | Archery Range |
| 8:20 | Build | Farm |
| 10:24 | Create | Militia |
| 10:25 | Create | Militia |
| 10:25 | Create | Militia |
| 10:25 | Create | Militia |
| 10:42 | Build | Stable |
| 10:51 | Research | Wheelbarrow |
| 11:03 | Build | Market |
| 11:12 | Build | Blacksmith |
| 11:34 | Research | Arson |
| 11:34 | Research | Arson |
| 12:43 | Create | Villager (Male) |
| 12:44 | Create | Villager (Male) |
| 12:47 | Research | Castle Age |
| 12:47 | Research | Castle Age |
| 12:55 | Build | Farm |
| 14:24 | Research | Forging |
| 14:26 | Research | Scale Mail Armor |
| 14:42 | Create | Militia |
| 14:42 | Create | Militia |
| 15:27 | Age | Castle Age |
| 18:47 | Build | Town Center |
| 19:00 | Build | Mill |
| 19:29 | Create | Villager (Male) |
| 19:29 | Create | Villager (Male) |
| 19:29 | Create | Villager (Male) |
| 19:30 | Create | Villager (Male) |
| 19:55 | Build | Mill |
| 20:39 | Build | Mill |
| 21:06 | Build | Town Center |
| 21:14 | Create | Villager (Male) |
| 21:17 | Create | Villager (Male) |
| 22:35 | Create | Villager (Male) |
| 22:36 | Create | Villager (Male) |
| 22:36 | Create | Villager (Male) |
| 22:42 | Create | Villager (Male) |
| 22:42 | Create | Villager (Male) |
| 22:42 | Create | Villager (Male) |
| 22:43 | Create | Villager (Male) |
| 22:43 | Create | Villager (Male) |
| 22:43 | Create | Villager (Male) |
| 22:44 | Create | Villager (Male) |
| 22:44 | Create | Villager (Male) |
| 23:42 | Build | Stone Wall |
| 23:55 | Build | Stone Wall |
| 23:59 | Build | Gate |
| 24:04 | Build | Stone Wall |
| 24:06 | Build | Stone Wall |
| 24:10 | Build | Stone Wall |
| 24:54 | Build | Mining Camp |
| 25:18 | Research | Scale Barding Armor |
| 25:19 | Research | Iron Casting |
| 25:54 | Build | Farm |
| 25:57 | Build | Farm |
| 26:09 | Build | House |
| 26:11 | Build | House |
| 26:12 | Build | House |
| 26:13 | Build | House |
| 26:17 | Build | House |
Build order — iDaniielo :v
120 actions detected in the replay
| 0:24 | Research | Double-Bit Axe |
| 0:28 | Research | Horse Collar |
| 0:48 | Build | Palisade Wall |
| 0:55 | Build | Palisade Wall |
| 0:58 | Build | Palisade Wall |
| 0:58 | Build | Palisade Wall |
| 1:02 | Build | Palisade Wall |
| 1:06 | Build | Palisade Wall |
| 1:22 | Build | Stable |
| 1:28 | Research | Wheelbarrow |
| 1:31 | Create | Villager (Male) ×2 |
| 1:59 | Create | Scout Cavalry |
| 2:07 | Build | Stable |
| 2:16 | Create | Villager (Male) |
| 2:35 | Build | Palisade Wall |
| 2:45 | Create | Scout Cavalry |
| 3:07 | Build | Palisade Wall |
| 3:10 | Build | Palisade Wall |
| 3:18 | Build | Palisade Gate |
| 3:35 | Create | Villager (Male) ×5 |
| 4:09 | Build | Mining Camp |
| 4:15 | Research | Bloodlines |
| 4:41 | Build | Mill |
| 4:57 | Build | Farm |
| 4:58 | Build | Farm |
| 4:59 | Build | Farm |
| 5:11 | Create | Scout Cavalry |
| 5:12 | Create | Scout Cavalry |
| 5:29 | Create | Scout Cavalry |
| 5:54 | Create | Villager (Male) ×2 |
| 6:18 | Build | Farm |
| 6:20 | Build | Farm |
| 6:22 | Build | Farm |
| 6:25 | Build | Farm |
| 6:33 | Build | Farm |
| 6:38 | Create | Villager (Male) |
| 6:53 | Create | Villager (Male) |
| 7:18 | Build | Farm |
| 7:20 | Create | Villager (Male) |
| 7:26 | Build | Farm |
| 7:36 | Build | Mining Camp |
| 8:01 | Build | Farm |
| 8:09 | Create | Villager (Male) |
| 8:15 | Build | Farm |
| 8:39 | Create | Scout Cavalry |
| 8:40 | Create | Scout Cavalry |
| 8:47 | Build | Farm |
| 8:54 | Create | Villager (Male) |
| 9:39 | Build | Farm |
| 9:43 | Research | Forging |
| 9:43 | Research | Scale Barding Armor |
| 9:50 | Create | Scout Cavalry |
| 9:50 | Create | Scout Cavalry |
| 10:55 | Build | Lumber Camp |
| 11:02 | Build | Lumber Camp |
| 11:09 | Build | Lumber Camp |
| 11:44 | Research | Castle Age |
| 13:05 | Build | Stable |
| 13:09 | Build | Stable |
| 13:09 | Build | Stable |
| 13:11 | Build | Stable |
| 13:12 | Build | Stable |
| 13:13 | Build | Stable |
| 13:16 | Build | Archery Range |
| 13:16 | Build | Archery Range |
| 14:16 | Build | Mill |
| 14:24 | Age | Castle Age |
| 14:36 | Build | Castle |
| 14:46 | Build | University |
| 14:55 | Build | Monastery |
| 17:03 | Research | Marauders |
| 17:10 | Create | Villager (Male) ×5 |
| 17:24 | Build | Town Center |
| 18:20 | Research | Husbandry |
| 18:21 | Create | Tarkan ×5 |
| 18:21 | Create | Tarkan ×3 |
| 18:31 | Create | Villager (Male) ×5 |
| 18:31 | Create | Villager (Male) ×5 |
| 19:42 | Create | Tarkan ×3 |
| 19:42 | Create | Tarkan ×3 |
| 19:48 | Research | Gold Mining |
| 19:51 | Research | Stone Mining |
| 20:00 | Build | Town Center |
| 20:13 | Research | Iron Casting |
| 20:49 | Research | Gold Shaft Mining |
| 20:59 | Research | Hand Cart |
| 21:01 | Research | Bow Saw |
| 21:05 | Research | Heavy Plow |
| 21:36 | Build | Mining Camp |
| 21:43 | Build | Mining Camp |
| 22:00 | Create | Villager (Male) |
| 22:00 | Create | Villager (Male) |
| 22:31 | Create | Tarkan ×5 |
| 22:32 | Create | Tarkan ×5 |
| 22:32 | Create | Tarkan ×5 |
| 22:33 | Create | Tarkan |
| 22:38 | Build | Mill |
| 22:50 | Create | Villager (Male) |
| 22:51 | Create | Villager (Male) |
| 22:55 | Create | Villager (Male) |
| 23:04 | Create | Villager (Male) ×5 |
| 23:05 | Create | Villager (Male) ×5 |
| 23:21 | Create | Tarkan ×5 |
| 23:21 | Create | Tarkan |
| 23:21 | Create | Tarkan |
| 23:25 | Build | Farm |
| 23:53 | Build | Farm |
| 24:25 | Build | Farm |
| 24:34 | Research | Chain Barding Armor |
| 24:49 | Build | Farm |
| 25:00 | Create | Villager (Male) ×5 |
| 25:04 | Create | Villager (Male) ×5 |
| 25:07 | Build | Farm |
| 27:01 | Research | Imperial Age |
| 27:07 | Build | Mill |
| 27:09 | Build | Farm |
| 27:10 | Build | Farm |
| 27:10 | Build | Farm |
| 27:12 | Build | Farm |
| 28:35 | Research | Ballistics |
Build order — K1000T
First 150 of 267 actions detected
| 0:01 | Create | Villager (Male) |
| 0:36 | Create | Villager (Male) |
| 0:39 | Research | Horse Collar |
| 0:49 | Build | Stable |
| 1:00 | Create | Villager (Male) |
| 1:02 | Research | Double-Bit Axe |
| 1:07 | Build | House |
| 1:10 | Build | House |
| 1:17 | Create | Spearman |
| 1:17 | Create | Spearman |
| 1:41 | Create | Villager (Male) |
| 1:50 | Build | Archery Range |
| 1:54 | Create | Villager (Male) |
| 1:59 | Build | House |
| 2:16 | Create | Villager (Male) |
| 2:20 | Create | Spearman |
| 2:32 | Create | Villager (Male) |
| 2:44 | Build | Stable |
| 2:46 | Build | Gate |
| 2:51 | Build | House |
| 2:54 | Build | Stone Wall |
| 2:56 | Create | Villager (Male) |
| 3:02 | Build | House |
| 3:05 | Build | Stone Wall |
| 3:08 | Build | Gate |
| 3:18 | Create | Archer |
| 3:18 | Create | Archer |
| 3:36 | Build | Watch Tower |
| 3:43 | Create | Villager (Male) |
| 3:57 | Create | Villager (Male) |
| 4:11 | Build | Farm |
| 4:15 | Build | Farm |
| 4:19 | Build | Farm |
| 4:24 | Build | Farm |
| 4:27 | Create | Villager (Male) |
| 4:30 | Build | Mining Camp |
| 4:43 | Create | Villager (Male) |
| 4:52 | Build | House |
| 4:54 | Build | House |
| 4:56 | Build | House |
| 4:59 | Build | Stone Wall |
| 5:14 | Build | Farm |
| 5:17 | Build | Farm |
| 5:20 | Build | Farm |
| 5:26 | Build | Farm |
| 5:41 | Build | Archery Range |
| 5:49 | Research | Town Watch |
| 5:57 | Research | Stone Mining |
| 6:00 | Research | Gold Mining |
| 6:37 | Build | Archery Range |
| 6:47 | Build | Lumber Camp |
| 7:11 | Research | Castle Age |
| 7:38 | Build | Barracks |
| 7:54 | Build | Market |
| 7:57 | Build | Stone Wall |
| 8:19 | Build | Market |
| 8:34 | Build | Barracks |
| 8:55 | Research | Fletching |
| 9:01 | Create | Archer |
| 9:02 | Create | Archer |
| 9:04 | Create | Archer |
| 9:42 | Build | Market |
| 9:44 | Build | Stone Wall |
| 9:51 | Age | Castle Age |
| 9:58 | Research | Crossbowman (upgrade) |
| 9:59 | Create | Archer |
| 10:00 | Create | Archer |
| 10:06 | Create | Villager (Male) |
| 10:07 | Create | Villager (Male) |
| 10:28 | Build | Siege Workshop |
| 10:43 | Build | Town Center |
| 10:45 | Research | Heavy Plow |
| 10:47 | Create | Villager (Male) |
| 10:59 | Create | Villager (Male) |
| 11:10 | Build | Town Center |
| 11:27 | Build | Town Center |
| 11:53 | Build | Mining Camp |
| 12:03 | Create | Villager (Male) |
| 12:03 | Create | Villager (Male) |
| 12:10 | Create | Villager (Male) |
| 12:10 | Create | Villager (Male) |
| 12:38 | Build | Farm |
| 12:40 | Create | Villager (Male) |
| 12:44 | Create | Villager (Male) |
| 12:45 | Create | Villager (Male) |
| 12:52 | Create | Mangonel |
| 13:31 | Create | Villager (Male) |
| 13:38 | Build | Farm |
| 13:40 | Build | Farm |
| 13:43 | Build | Farm |
| 13:45 | Build | Farm |
| 13:52 | Build | Monastery |
| 13:54 | Create | Villager (Male) |
| 13:56 | Create | Villager (Male) |
| 13:56 | Create | Villager (Male) |
| 13:57 | Create | Villager (Male) |
| 14:00 | Build | Farm |
| 14:03 | Create | Villager (Male) |
| 14:03 | Create | Villager (Male) |
| 14:16 | Build | Siege Workshop |
| 14:34 | Build | Farm |
| 14:35 | Create | Villager (Male) |
| 14:35 | Create | Villager (Male) |
| 15:23 | Build | Castle |
| 15:35 | Build | University |
| 15:38 | Create | Villager (Male) |
| 15:38 | Create | Villager (Male) |
| 15:38 | Create | Villager (Male) |
| 15:41 | Research | Bodkin Arrow |
| 15:49 | Create | Villager (Male) |
| 15:50 | Create | Villager (Male) |
| 15:52 | Create | Villager (Male) |
| 15:52 | Create | Villager (Male) |
| 16:11 | Create | Mangonel |
| 16:11 | Create | Mangonel |
| 16:22 | Build | Farm |
| 16:23 | Create | Villager (Male) |
| 16:25 | Create | Villager (Male) |
| 16:26 | Create | Villager (Male) |
| 16:27 | Create | Villager (Male) |
| 16:48 | Build | House |
| 16:49 | Build | House |
| 16:50 | Build | House |
| 16:52 | Build | Stone Wall |
| 17:17 | Create | Berserk |
| 17:17 | Create | Berserk |
| 17:18 | Create | Berserk |
| 17:18 | Create | Berserk |
| 17:24 | Create | Villager (Male) |
| 17:25 | Create | Villager (Male) |
| 17:25 | Create | Villager (Male) |
| 17:40 | Build | Siege Workshop |
| 17:42 | Build | Siege Workshop |
| 17:45 | Create | Monk |
| 17:54 | Build | Farm |
| 17:58 | Build | Farm |
| 18:00 | Build | Farm |
| 18:04 | Build | Farm |
| 18:32 | Build | House |
| 18:34 | Build | House |
| 18:37 | Build | House |
| 18:38 | Build | House |
| 18:53 | Research | Imperial Age |
| 18:56 | Create | Villager (Male) |
| 18:56 | Create | Villager (Male) |
| 18:59 | Create | Villager (Male) |
| 18:59 | Create | Villager (Male) |
| 19:01 | Create | Villager (Male) |
| 19:01 | Create | Villager (Male) |
| 19:20 | Create | Villager (Male) |
Build order — andy uchiha
First 150 of 189 actions detected
| 0:01 | Create | Villager (Male) |
| 0:02 | Create | Villager (Male) |
| 0:02 | Create | Villager (Male) |
| 0:02 | Create | Villager (Male) |
| 0:02 | Create | Villager (Male) |
| 0:57 | Build | Market |
| 1:02 | Build | Blacksmith |
| 1:25 | Build | House |
| 1:30 | Build | House |
| 1:57 | Build | Blacksmith |
| 2:21 | Build | House |
| 2:23 | Build | House |
| 2:32 | Build | Farm |
| 3:26 | Build | Farm |
| 3:27 | Build | Farm |
| 3:36 | Research | Wheelbarrow |
| 3:50 | Build | Farm |
| 3:50 | Build | Farm |
| 5:07 | Research | Castle Age |
| 5:55 | Build | Mining Camp |
| 6:05 | Create | Spearman |
| 6:06 | Create | Spearman |
| 7:47 | Age | Castle Age |
| 7:57 | Build | Town Center |
| 9:36 | Build | House |
| 9:38 | Build | House |
| 9:40 | Build | House |
| 10:01 | Build | Castle |
| 10:24 | Create | Villager (Male) |
| 10:24 | Create | Villager (Male) |
| 10:25 | Create | Villager (Male) |
| 10:25 | Create | Villager (Male) |
| 10:25 | Create | Villager (Male) |
| 10:26 | Create | Villager (Male) |
| 10:26 | Create | Villager (Male) |
| 10:26 | Create | Villager (Male) |
| 10:27 | Create | Villager (Male) |
| 10:27 | Create | Villager (Male) |
| 10:27 | Create | Villager (Male) |
| 10:28 | Create | Villager (Male) |
| 10:28 | Create | Villager (Male) |
| 11:04 | Build | Town Center |
| 11:21 | Build | Farm |
| 11:21 | Build | Farm |
| 11:21 | Build | Farm |
| 11:21 | Build | Farm |
| 11:22 | Build | Farm |
| 11:22 | Build | Farm |
| 11:22 | Build | Farm |
| 11:23 | Build | Farm |
| 11:23 | Build | Farm |
| 11:23 | Build | Farm |
| 11:40 | Build | Farm |
| 11:54 | Create | Hussite Wagon |
| 11:54 | Create | Hussite Wagon |
| 12:05 | Build | House |
| 12:06 | Build | House |
| 12:07 | Build | House |
| 12:09 | Build | House |
| 12:44 | Create | Villager (Male) |
| 12:44 | Create | Villager (Male) |
| 12:44 | Create | Villager (Male) |
| 12:45 | Create | Villager (Male) |
| 12:45 | Create | Villager (Male) |
| 12:46 | Create | Villager (Male) |
| 13:35 | Create | Hussite Wagon |
| 14:01 | Create | Villager (Male) |
| 14:01 | Create | Villager (Male) |
| 14:02 | Create | Villager (Male) |
| 14:02 | Create | Villager (Male) |
| 14:02 | Create | Villager (Male) |
| 14:02 | Create | Villager (Male) |
| 14:03 | Create | Villager (Male) |
| 14:03 | Create | Villager (Male) |
| 14:23 | Build | Town Center |
| 14:31 | Create | Hussite Wagon |
| 15:53 | Build | Lumber Camp |
| 16:00 | Create | Villager (Male) |
| 16:00 | Research | Town Watch |
| 16:00 | Create | Villager (Male) |
| 16:01 | Create | Villager (Male) |
| 16:01 | Create | Villager (Male) |
| 16:01 | Create | Villager (Male) |
| 16:02 | Create | Villager (Male) |
| 16:02 | Create | Villager (Male) |
| 16:02 | Create | Villager (Male) |
| 16:03 | Create | Villager (Male) |
| 16:03 | Create | Villager (Male) |
| 16:04 | Create | Villager (Male) |
| 16:04 | Create | Villager (Male) |
| 16:26 | Build | Mining Camp |
| 16:29 | Create | Hussite Wagon |
| 16:29 | Create | Hussite Wagon |
| 18:01 | Research | Hand Cart |
| 18:02 | Create | Villager (Male) |
| 18:02 | Create | Villager (Male) |
| 18:03 | Create | Villager (Male) |
| 18:03 | Create | Villager (Male) |
| 18:03 | Create | Villager (Male) |
| 18:04 | Create | Villager (Male) |
| 18:04 | Create | Villager (Male) |
| 18:05 | Create | Villager (Male) |
| 18:05 | Create | Villager (Male) |
| 18:12 | Build | Mining Camp |
| 18:45 | Research | Imperial Age |
| 19:37 | Build | Siege Workshop |
| 19:39 | Build | Siege Workshop |
| 19:41 | Build | Siege Workshop |
| 19:50 | Build | University |
| 20:00 | Build | Barracks |
| 20:02 | Build | Barracks |
| 20:04 | Build | Barracks |
| 20:05 | Build | Barracks |
| 20:07 | Build | Barracks |
| 20:09 | Build | Barracks |
| 20:44 | Build | Stone Wall |
| 20:49 | Create | Hussite Wagon |
| 20:50 | Create | Hussite Wagon |
| 20:50 | Create | Hussite Wagon |
| 20:50 | Create | Hussite Wagon |
| 21:04 | Create | Villager (Male) |
| 21:04 | Create | Villager (Male) |
| 21:05 | Create | Villager (Male) |
| 21:05 | Create | Villager (Male) |
| 21:05 | Create | Villager (Male) |
| 21:06 | Create | Villager (Male) |
| 21:06 | Create | Villager (Male) |
| 21:06 | Create | Villager (Male) |
| 21:07 | Create | Villager (Male) |
| 21:07 | Create | Villager (Male) |
| 21:08 | Create | Villager (Male) |
| 21:08 | Create | Villager (Male) |
| 21:19 | Build | Monastery |
| 22:05 | Age | Imperial Age |
| 22:18 | Build | Farm |
| 22:18 | Build | Farm |
| 22:18 | Build | Farm |
| 22:24 | Build | Farm |
| 22:25 | Build | Farm |
| 22:25 | Build | Farm |
| 22:25 | Build | Farm |
| 22:26 | Build | Farm |
| 22:51 | Research | Chemistry |
| 23:12 | Build | Lumber Camp |
| 23:31 | Build | Farm |
| 23:31 | Build | Farm |
| 23:32 | Build | Farm |
| 23:32 | Build | Farm |
| 23:33 | Build | Farm |
| 23:47 | Build | Farm |
Build order — [CUBA] Patron
First 150 of 236 actions detected
| 0:32 | Build | House |
| 0:34 | Build | House |
| 0:36 | Build | House |
| 0:44 | Create | Militia |
| 0:45 | Create | Militia |
| 0:45 | Create | Militia |
| 1:03 | Build | Archery Range |
| 1:29 | Create | Villager (Male) |
| 1:29 | Create | Villager (Male) |
| 1:29 | Create | Villager (Male) |
| 1:30 | Create | Villager (Male) |
| 2:17 | Build | Stone Wall |
| 2:21 | Build | Gate |
| 2:27 | Research | Man-at-Arms (upgrade) |
| 3:13 | Build | Outpost |
| 3:34 | Build | Outpost |
| 3:46 | Build | Outpost |
| 3:49 | Research | Town Watch |
| 3:51 | Create | Militia |
| 3:52 | Create | Militia |
| 4:07 | Research | Gold Mining |
| 4:17 | Build | Mining Camp |
| 4:28 | Build | Mining Camp |
| 4:43 | Build | Mill |
| 4:46 | Create | Villager (Male) |
| 4:47 | Create | Villager (Male) |
| 4:54 | Create | Militia |
| 4:54 | Create | Militia |
| 4:59 | Create | Skirmisher |
| 5:00 | Create | Skirmisher |
| 5:00 | Create | Skirmisher |
| 5:04 | Create | Spearman |
| 5:04 | Create | Spearman |
| 5:04 | Create | Spearman |
| 5:11 | Build | Market |
| 5:13 | Build | House |
| 5:14 | Build | House |
| 5:16 | Build | House |
| 5:19 | Build | House |
| 5:23 | Build | Stone Wall |
| 5:26 | Build | Gate |
| 5:28 | Create | Spearman |
| 5:28 | Create | Spearman |
| 5:29 | Create | Militia |
| 5:31 | Create | Archer |
| 5:31 | Create | Archer |
| 5:37 | Research | Horse Collar |
| 5:42 | Research | Stone Mining |
| 6:06 | Research | Scale Mail Armor |
| 6:08 | Create | Spearman |
| 6:10 | Create | Archer |
| 6:10 | Create | Archer |
| 6:35 | Create | Militia |
| 7:00 | Build | Outpost |
| 7:04 | Build | Outpost |
| 7:30 | Create | Villager (Male) |
| 7:30 | Create | Villager (Male) |
| 7:30 | Create | Villager (Male) |
| 7:31 | Create | Villager (Male) |
| 7:59 | Build | Outpost |
| 8:05 | Build | Mining Camp |
| 8:11 | Research | Forging |
| 8:46 | Build | Watch Tower |
| 9:16 | Create | Militia |
| 9:16 | Create | Militia |
| 9:17 | Create | Militia |
| 9:18 | Create | Archer |
| 9:19 | Create | Archer |
| 9:19 | Create | Archer |
| 9:19 | Create | Archer |
| 9:22 | Create | Villager (Male) |
| 9:23 | Create | Villager (Male) |
| 9:23 | Create | Villager (Male) |
| 10:08 | Research | Double-Bit Axe |
| 10:10 | Create | Militia |
| 10:10 | Create | Militia |
| 10:22 | Build | House |
| 10:29 | Build | Barracks |
| 10:56 | Create | Militia |
| 10:56 | Create | Militia |
| 10:56 | Create | Militia |
| 11:01 | Research | Arson |
| 11:02 | Create | Militia |
| 11:02 | Create | Militia |
| 11:02 | Create | Militia |
| 11:07 | Create | Villager (Male) |
| 11:11 | Build | Farm |
| 11:12 | Build | Farm |
| 11:14 | Build | Farm |
| 11:15 | Build | Farm |
| 11:16 | Build | Farm |
| 11:17 | Build | Farm |
| 11:19 | Build | Farm |
| 11:20 | Build | Farm |
| 11:42 | Create | Militia |
| 11:43 | Create | Militia |
| 11:43 | Create | Militia |
| 11:50 | Build | Mining Camp |
| 12:01 | Create | Militia |
| 12:01 | Create | Militia |
| 12:30 | Build | Watch Tower |
| 12:35 | Build | House |
| 12:40 | Build | House |
| 12:45 | Build | Stone Wall |
| 12:48 | Build | Stone Wall |
| 13:15 | Create | Villager (Male) |
| 13:15 | Create | Villager (Male) |
| 13:15 | Create | Villager (Male) |
| 13:16 | Create | Villager (Male) |
| 13:21 | Create | Militia |
| 13:21 | Create | Militia |
| 13:21 | Create | Militia |
| 13:24 | Create | Archer |
| 13:24 | Create | Archer |
| 13:25 | Create | Archer |
| 13:25 | Create | Archer |
| 13:25 | Create | Archer |
| 13:31 | Create | Militia |
| 13:31 | Create | Militia |
| 13:31 | Create | Militia |
| 14:01 | Create | Militia |
| 14:01 | Create | Militia |
| 15:03 | Create | Villager (Male) |
| 15:03 | Create | Villager (Male) |
| 15:03 | Create | Villager (Male) |
| 15:23 | Build | Gate |
| 15:24 | Build | House |
| 15:41 | Build | Outpost |
| 15:50 | Create | Archer |
| 15:50 | Create | Archer |
| 15:52 | Create | Militia |
| 15:52 | Create | Militia |
| 15:53 | Create | Militia |
| 17:00 | Build | Outpost |
| 17:07 | Build | Mill |
| 17:15 | Build | Mining Camp |
| 17:21 | Create | Villager (Male) |
| 17:21 | Create | Villager (Male) |
| 17:21 | Create | Villager (Male) |
| 17:29 | Build | Mill |
| 17:41 | Build | Mill |
| 17:50 | Build | Mill |
| 18:01 | Build | Mill |
| 18:15 | Build | Mill |
| 18:22 | Create | Militia |
| 18:23 | Create | Militia |
| 18:34 | Build | Outpost |
| 19:26 | Build | Outpost |
| 19:31 | Build | Mining Camp |
| 19:37 | Research | Castle Age |
Build order — miguelg2305
First 150 of 223 actions detected
| 0:03 | Research | Wheelbarrow |
| 0:50 | Create | Villager (Male) |
| 0:50 | Create | Villager (Male) |
| 0:51 | Create | Villager (Male) |
| 0:51 | Create | Villager (Male) |
| 1:11 | Build | House |
| 1:14 | Build | House |
| 1:16 | Build | House |
| 1:17 | Build | House |
| 1:20 | Build | House |
| 1:21 | Build | House |
| 1:25 | Create | Villager (Male) |
| 1:25 | Create | Villager (Male) |
| 1:25 | Create | Villager (Male) |
| 1:53 | Research | Horse Collar |
| 2:25 | Research | Double-Bit Axe |
| 2:30 | Create | Villager (Male) |
| 2:30 | Create | Villager (Male) |
| 3:23 | Create | Villager (Male) |
| 3:24 | Create | Villager (Male) |
| 3:24 | Create | Villager (Male) |
| 3:24 | Create | Villager (Male) |
| 3:24 | Create | Villager (Male) |
| 3:32 | Build | Farm |
| 4:01 | Build | House |
| 4:02 | Build | House |
| 4:04 | Build | House |
| 4:13 | Create | Villager (Male) |
| 4:13 | Create | Villager (Male) |
| 4:14 | Create | Villager (Male) |
| 4:14 | Create | Villager (Male) |
| 4:14 | Create | Villager (Male) |
| 4:14 | Create | Villager (Male) |
| 4:14 | Create | Villager (Male) |
| 4:46 | Build | Barracks |
| 4:48 | Build | Barracks |
| 4:51 | Build | Barracks |
| 5:13 | Build | Farm |
| 5:18 | Build | Farm |
| 5:21 | Build | Farm |
| 5:24 | Build | Farm |
| 5:28 | Build | Farm |
| 5:31 | Build | Farm |
| 5:59 | Build | Farm |
| 6:30 | Build | Market |
| 6:39 | Build | Farm |
| 6:49 | Build | Farm |
| 6:54 | Build | Farm |
| 7:22 | Build | Farm |
| 7:24 | Research | Castle Age |
| 7:46 | Create | Spearman |
| 7:46 | Create | Spearman |
| 8:00 | Build | Barracks |
| 8:01 | Build | Barracks |
| 8:12 | Build | Farm |
| 8:15 | Research | Town Watch |
| 8:15 | Create | Villager (Male) |
| 8:15 | Create | Villager (Male) |
| 8:15 | Create | Villager (Male) |
| 8:16 | Create | Villager (Male) |
| 8:16 | Create | Villager (Male) |
| 8:47 | Create | Trade Cart |
| 8:47 | Create | Trade Cart |
| 8:47 | Create | Trade Cart |
| 8:48 | Create | Trade Cart |
| 8:48 | Create | Trade Cart |
| 8:48 | Create | Trade Cart |
| 8:48 | Create | Trade Cart |
| 8:49 | Create | Trade Cart |
| 8:49 | Create | Trade Cart |
| 8:49 | Create | Trade Cart |
| 8:54 | Create | Villager (Male) |
| 8:55 | Create | Villager (Male) |
| 8:55 | Create | Villager (Male) |
| 8:55 | Create | Villager (Male) |
| 8:55 | Create | Villager (Male) |
| 9:23 | Build | Archery Range |
| 9:26 | Build | Archery Range |
| 9:30 | Create | Spearman ×5 |
| 9:31 | Create | Spearman |
| 9:31 | Create | Spearman |
| 10:13 | Age | Castle Age |
| 10:18 | Build | Archery Range |
| 10:19 | Build | Archery Range |
| 10:21 | Build | Archery Range |
| 10:32 | Research | Eagle Warrior (upgrade) |
| 10:34 | Research | Pikeman (upgrade) |
| 10:48 | Research | Bow Saw |
| 10:53 | Create | Villager (Male) |
| 10:53 | Create | Villager (Male) |
| 10:53 | Create | Villager (Male) |
| 11:23 | Build | Town Center |
| 11:32 | Create | Villager (Male) |
| 11:33 | Create | Villager (Male) |
| 11:33 | Create | Villager (Male) |
| 11:33 | Create | Villager (Male) |
| 11:33 | Create | Villager (Male) |
| 11:33 | Create | Villager (Male) |
| 11:34 | Create | Villager (Male) |
| 12:09 | Build | Archery Range |
| 12:11 | Build | Archery Range |
| 12:22 | Build | Archery Range |
| 12:28 | Create | Villager (Male) |
| 12:28 | Create | Villager (Male) |
| 12:28 | Create | Villager (Male) |
| 12:29 | Create | Villager (Male) |
| 12:29 | Create | Villager (Male) |
| 12:29 | Create | Villager (Male) |
| 12:29 | Create | Villager (Male) |
| 12:29 | Create | Villager (Male) |
| 12:41 | Build | Farm |
| 13:11 | Research | Elite Skirmisher (upgrade) |
| 13:12 | Research | Crossbowman (upgrade) |
| 13:26 | Create | Villager (Male) |
| 13:27 | Create | Villager (Male) |
| 13:45 | Build | Town Center |
| 14:07 | Create | Skirmisher ×5 |
| 14:08 | Create | Skirmisher ×5 |
| 14:08 | Create | Skirmisher ×5 |
| 14:08 | Create | Skirmisher ×2 |
| 14:35 | Build | Barracks |
| 14:37 | Build | Barracks |
| 15:09 | Research | Hand Cart |
| 15:10 | Create | Villager (Male) |
| 15:10 | Create | Villager (Male) |
| 15:11 | Create | Villager (Male) |
| 15:36 | Build | Siege Workshop |
| 15:40 | Build | Siege Workshop |
| 15:53 | Research | Fletching |
| 15:53 | Research | Padded Archer Armor |
| 17:30 | Create | Spearman ×5 |
| 17:30 | Create | Spearman ×5 |
| 17:30 | Create | Spearman ×2 |
| 17:36 | Build | Farm |
| 17:56 | Create | Villager (Male) |
| 17:56 | Create | Villager (Male) |
| 17:56 | Create | Villager (Male) |
| 17:56 | Create | Villager (Male) |
| 17:57 | Create | Villager (Male) |
| 18:13 | Build | Siege Workshop |
| 18:15 | Build | Siege Workshop |
| 18:31 | Research | Bodkin Arrow |
| 19:36 | Build | Farm |
| 19:43 | Research | Scale Mail Armor |
| 20:01 | Create | Villager (Male) |
| 20:01 | Create | Villager (Male) |
| 20:01 | Create | Villager (Male) |
| 20:02 | Create | Villager (Male) |
| 20:03 | Create | Villager (Male) |
| 20:03 | Create | Villager (Male) |
Match timeline
| 0:48 | iDaniielo :v · wall_segment Palisade Wall x8 |
| 0:49 | K1000T · first_building Stable |
| 0:55 | iDaniielo :v · wall_segment Palisade Wall x3 |
| 0:58 | iDaniielo :v · wall_segment Palisade Wall x1 |
| 0:58 | iDaniielo :v · wall_segment Palisade Wall x1 |
| 1:02 | iDaniielo :v · wall_segment Palisade Wall x3 |
| 1:03 | [CUBA] Patron · first_building Archery Range |
| 1:06 | iDaniielo :v · wall_segment Palisade Wall x7 |
| 1:22 | iDaniielo :v · first_building Stable |
| 1:50 | K1000T · first_building Archery Range |
| 2:17 | [CUBA] Patron · wall_segment Stone Wall x6 |
| 2:35 | iDaniielo :v · wall_segment Palisade Wall x18 |
| 2:54 | K1000T · wall_segment Stone Wall x4 |
| 3:05 | K1000T · wall_segment Stone Wall x1 |
| 3:07 | iDaniielo :v · wall_segment Palisade Wall x14 |
| 3:10 | iDaniielo :v · wall_segment Palisade Wall x9 |
| 3:26 | Frostfel · first_building Barracks |
| 4:46 | miguelg2305 · first_building Barracks |
| 4:59 | K1000T · wall_segment Stone Wall x4 |
| 5:23 | [CUBA] Patron · wall_segment Stone Wall x5 |
| 7:38 | K1000T · first_building Barracks |
| 7:47 | andy uchiha · age_up castle |
| 7:57 | K1000T · wall_segment Stone Wall x3 |
| 8:12 | Frostfel · first_building Archery Range |
| 9:23 | miguelg2305 · first_building Archery Range |
| 9:44 | K1000T · wall_segment Stone Wall x3 |
| 9:51 | K1000T · age_up castle |
| 10:01 | andy uchiha · first_building Castle |
| 10:13 | miguelg2305 · age_up castle |
| 10:28 | K1000T · first_building Siege Workshop |
| 10:29 | [CUBA] Patron · first_building Barracks |
| 10:42 | Frostfel · first_building Stable |
| 10:46 | andy uchiha · first_market_buy 100 stone |
| 11:04 | K1000T · first_market_buy 100 wood |
| 11:12 | andy uchiha · tribute_sent a jugador 1 |
| 11:12 | andy uchiha · tribute_sent a jugador 2 |
| 11:12 | andy uchiha · tribute_sent a jugador 3 |
| 11:12 | andy uchiha · tribute_sent a jugador 5 |
| 11:12 | andy uchiha · tribute_sent a jugador 6 |
| 11:20 | K1000T · first_market_sell 100 food |
| 12:45 | [CUBA] Patron · wall_segment Stone Wall x1 |
| 12:48 | [CUBA] Patron · wall_segment Stone Wall x1 |
| 13:16 | iDaniielo :v · first_building Archery Range |
| 13:52 | K1000T · first_building Monastery |
| 14:24 | iDaniielo :v · age_up castle |
| 14:36 | iDaniielo :v · first_building Castle |
| 14:55 | iDaniielo :v · first_building Monastery |
| 15:23 | K1000T · first_building Castle |
| 15:27 | Frostfel · age_up castle |
| 15:36 | miguelg2305 · first_building Siege Workshop |
| 16:52 | K1000T · wall_segment Stone Wall x1 |
| 19:37 | andy uchiha · first_building Siege Workshop |
| 20:00 | andy uchiha · first_building Barracks |
| 20:25 | miguelg2305 · first_building Castle |
| 20:44 | andy uchiha · wall_segment Stone Wall x19 |
| 21:17 | miguelg2305 · first_building Monastery |
| 21:19 | andy uchiha · first_building Monastery |
| 21:26 | andy uchiha · tribute_sent a jugador 1 |
| 21:26 | andy uchiha · tribute_sent a jugador 2 |
| 21:26 | andy uchiha · tribute_sent a jugador 3 |
| 21:26 | andy uchiha · tribute_sent a jugador 5 |
| 21:26 | andy uchiha · tribute_sent a jugador 6 |
| 22:03 | K1000T · age_up imperial |
| 22:05 | andy uchiha · age_up imperial |
| 22:17 | [CUBA] Patron · age_up castle |
| 23:42 | Frostfel · wall_segment Stone Wall x9 |
| 23:49 | [CUBA] Patron · first_building Castle |
| 23:55 | Frostfel · wall_segment Stone Wall x5 |
| 24:04 | Frostfel · wall_segment Stone Wall x4 |
| 24:06 | Frostfel · wall_segment Stone Wall x4 |
| 24:10 | Frostfel · wall_segment Stone Wall x2 |
| 26:32 | miguelg2305 · wall_segment Stone Wall x7 |
| 27:09 | miguelg2305 · wall_segment Stone Wall x6 |
| 27:33 | [CUBA] Patron · first_building Siege Workshop |
| 28:42 | miguelg2305 · resign |
[ AI ANALYSIS · 1 CREDIT ]
What really happened in this match?
Wolo.gg analyzes every decision: build order, eco, micro, common mistakes by bracket. Personalized analysis on WhatsApp or Discord in 30 seconds.
Civ guide
Turks
Map guide
Enclosed
Perfil
Frostfel